 Dungeon Crawl Stone Soup version 0.31-a0-278-g485e682e34 (webtiles) character file.

Game seed: 10533455872937287682

191 AdnanSaban the Covered (level 5, -1/33 HPs)
             Began as a Gargoyle Fighter on July 15, 2023.
             Was a Follower of Trog.
             Slain by a quasit (2 damage)
             ... on level 3 of the Dungeon.
             The game lasted 00:04:18 (2146 turns).

AdnanSaban the Covered (Gargoyle Fighter)           Turns: 2146, Time: 00:04:19

Health: -1/33      AC: 12    Str: 22      XL:     5   Next: 70%
Magic:  5/5        EV:  9    Int:  8      God:    Trog [*.....]
Gold:   75         SH:  3    Dex:  3 (9)  Spells: 4/4 levels left

rFire   . . .        a - +0 flail
rCold   . . .        c - +0 buckler
rNeg    + . .        b - +0 scale mail
rPois   ∞            i - +0 helmet
rElec   +            (no cloak)
rCorr   .            (no gloves)
SInv    .            (no boots)
Will    .....        (no amulet) Stlth
                     (no ring)
HPRegen 0.25/turn    (no ring)
MPRegen 0.09/turn

%: no passive effects
@: on berserk cooldown, slowed, very slow
A: sickness immunity, AC +4, negative energy resistance 1, electricity
resistance, torment resistance 1, petrification resistance
a: Renounce Religion, Berserk


You were on level 3 of the Dungeon.
You worshipped Trog.
Trog was aware of your devotion.
You visited 1 branch of the dungeon, and saw 3 of its levels.

You collected 75 gold pieces.

Inventory:

Hand Weapons
 a - a +0 flail (weapon)
Armour
 b - a +0 scale mail (worn)
 c - a +0 buckler (worn)
 i - a +0 helmet (worn)
Jewellery
 r - a ring of ice
Scrolls
 e - 2 scrolls of blinking {unknown}
 f - 2 scrolls of immolation {unknown}
 j - a scroll of teleportation {unknown}
 k - 2 scrolls of enchant armour {unknown}
 m - a scroll of fog {unknown}
 o - a scroll of identify {unknown}
 q - a scroll of vulnerability {unknown}
Potions
 d - a potion of might
 g - a potion of heal wounds {unknown}
 h - 2 potions of brilliance {unknown}
 l - a potion of lignification {unknown}
 n - a potion of cancellation {unknown}
 p - 2 potions of curing {unknown}


   Skills:
 + Level 4.2 Fighting
 + Level 3.5 Maces & Flails
 + Level 4.5 Armour
 + Level 4.2 Shields


You had 4 spell levels left.
You didn't know any spells.
Your spell library was empty.

Dungeon Overview and Level Annotations

Branches:
Dungeon (3/15)

Altars:
Hepliaklqana
Okawaru
Trog

Shops:
D:1 *!

Annotations:
D:3 1 transporter


Innate Abilities, Weirdness & Mutations

You are immune to sickness and miasma.
Your stone body is resilient. (AC +4)
You are immune to poison.
You resist negative energy. (rN+)
You are resistant to electric shocks. (rElec)
You are resistant to unholy torment.
You are immune to petrification.


Message History

The quasit claws you but does no damage.
The quasit barely misses you.
You barely miss the quasit.
The quasit is almost dead.
You block the quasit's attack. The quasit barely misses you. x2
The quasit bites you but does no damage.
The quasit claws you but does no damage.
The quasit claws you.
* * * LOW HITPOINT WARNING * * *
You feel clumsy. The quasit bites you.
* * * LOW HITPOINT WARNING * * *
You feel clumsy.
The quasit closely misses you. x2; You block the quasit's attack.
The quasit barely misses you.
The quasit claws you but does no damage.
The quasit bites you but does no damage.
You block the quasit's attack.
The quasit claws you but does no damage.
The quasit bites you but does no damage.
The quasit claws you but does no damage. x2
Unknown command.
You miss the quasit.
The quasit is almost dead.
The quasit closely misses you. The quasit barely misses you.
The quasit closely misses you. x2; You block the quasit's attack.
The quasit claws you but does no damage.
The quasit barely misses you.
The quasit claws you but does no damage.
The quasit claws you.
* * * LOW HITPOINT WARNING * * *
The quasit closely misses you.
The quasit claws you but does no damage.
The quasit barely misses you.
The quasit bites you but does no damage.
The quasit claws you but does no damage.
The quasit barely misses you.
The quasit bites you but does no damage.
The quasit claws you.
You die...

###.#.#########.#.##
#...#.### #.#.##
###.......##### #.#.##
#.:.#####.....# #.#.##
#.###...###...# #.#.##
#.#.......##..# #.#.##
##.#...#.#..#..# #.#.##
#..#...#.#..#..# #.#.##
#.##.#@5...##..# #.#.##
#.# #.55#..#...###.#.#.
#.#...#©.=(#©........#.
###.##.....#=#...###.....
#...©#.#...#.##..# ####..
#.#.##..##?#. #..# #..
#.#.#©..# ..# #..# #..
#.#.##....#.. #..# #..
####.#..##...... ..#
###..


You could see 3 quasits.

Vanquished Creatures
  The ghost of TheSeeker391 the Covered, an amateur HOFi (D:3)
  A quasit (D:3)
  A gnoll (D:1)
  A worm (D:2)
  A dart slug (D:2)
  An orc (D:3)
  7 ball pythons
  3 bats (D:2)
  4 endoplasms
  2 giant cockroaches (D:1)
  5 goblins
  6 hobgoblins
  3 jackals (D:1)
  4 quokkas (D:1)
  A frilled lizard (D:2)
  5 kobolds
  A rat (D:2)
47 creatures vanquished.

Notes
Turn   | Place    | Note
-------+----------+-------------------------------------------
     0 | D:1      | AdnanSaban the Gargoyle Fighter began the quest for the
                  | Orb.
     0 | D:1      | Reached XP level 1. HP: 14/14 MP: 1/1
    52 | D:1      | Reached XP level 2. HP: 9/19 MP: 2/2
   121 | D:1      | Found a bloodstained altar of Trog.
   127 | D:1      | Became a worshipper of Trog the Wrathful
   332 | D:1      | Reached XP level 3. HP: 12/24 MP: 3/3
   397 | D:1      | Found Owarefock's Distillery.
   564 | D:1      | Reached * piety under Trog
   772 | D:1      | Found Qaon's Assorted Antiques.
  1225 | D:2      | Reached XP level 4. HP: 8/29 MP: 4/4
  1565 | D:3      | Found a transporter.
  1578 | D:3      | Noticed TheSeeker391's ghost (amateur HOFi)
  1848 | D:3      | Found an iron altar of Okawaru.
  1849 | D:3      | Found a hazy altar of Hepliaklqana.
  1948 | D:3      | Found a transporter.
  2137 | D:3      | Killed TheSeeker391's ghost
  2138 | D:3      | Reached XP level 5. HP: 15/33 MP: 5/5
  2146 | D:3      | HP: 1/33 [quasit (2)]
  2146 | D:3      | Slain by a quasit

Illustrated notes

Levels and vault maps discovered:
D:1:      dpeg_arrival_round_c, layout_basic, serial_shops,
          nicolae_shop_hallway_plus, nicolae_shop_statue_plus,
          minmay_hexomino_r4
D:2:      layout_rooms, nrook_uturn
D:3:      layout_loops_ring, mainiacjoe_overflow_divided_tiny,
          gammafunk_ghost_stat_death

Skill      XL: |  1  2  3  4 |
---------------+-------------+-----
Fighting       | 4 |  4.2
Maces & Flails | 3 |  3.5
Armour         | 4 |  4.5
Shields        | 4 |  4.2

Action                     |  1- 3 |  4- 6 || total
---------------------------+-------+-------++-------
  Melee: Flail             |   102 |    56 ||   158
 Invoke: Berserk           |       |     1 ||     1
 Armour: Scale mail        |    78 |   150 ||   228
  Dodge: Dodged            |    62 |   109 ||   171
  Block: Buckler           |    31 |    41 ||    72

Table legend: (Time is in decaauts)
 A = Elapsed time spent in this place.
 B = Non-inter-level travel time spent in this place.
 C = Inter-level travel time spent in this place.
 D = Time resting spent in this place.
 E = Time spent auto-exploring this place.
 F = Levels seen in this place.
 G = Mean time per level.
                   A        B        C        D        E       F      G
               +--------+--------+--------+--------+--------+-----+--------+
         Total |   2187 |   2142 |     45 |      0 |   1756 |   3 |  729.0 |
       Dungeon |   2187 |   2142 |     45 |      0 |   1756 |   3 |  729.0 |
               +--------+--------+--------+--------+--------+-----+--------+

Top non-repeatable levels by time:
     D:1: 1053 daAuts
     D:3: 619 daAuts
     D:2: 514 daAuts
